 Dungeon Crawl Stone Soup version 0.32-a0-350-g4f4d228785 (webtiles) character file.

Game seed: 11737977185095375804

11318 AlmostDecent the Marksant (level 12, 0/84 HPs)
             Began as a Formicid Hunter on Feb 18, 2024.
             Was a Priest of Hepliaklqana.
             Slain by a killer bee (4 damage)
             ... on level 10 of the Dungeon.
             The game lasted 00:30:30 (9890 turns).

AlmostDecent the Marksant (Formicid Hunter)         Turns: 9890, Time: 00:30:30

Health: 0/84       AC: 11    Str: 23    XL:     12   Next: 6%
Magic:  12/12      EV: 12    Int:  8    God:    Hepliaklqana [***...]
Gold:   646        SH: 11    Dex: 21    Spells: 11/11 levels left

rFire   + . .        a - +1 shortbow
rCold   + . .        c - +0 buckler {rPois}
rNeg    + + .        z - +2 ring mail "Vautoocwuq" {rN++ Str+5 Stlth-}
rPois   +            (helmet unavailable)
rElec   .            (no cloak)
rCorr   .            l - +1 pair of gloves
SInv    +            y - +0 pair of boots
Will    +....        C - amulet of reflection
Stlth   +            k - ring of protection from fire
HPRegen 0.34/turn    v - ring of protection from cold
MPRegen 0.13/turn

%: reflection
@: no status effects
A: reduced essence, permanent stasis, dig shafts and tunnels, antennae 3, four
strong arms
a: Dig, Shaft Self, Renounce Religion, Recall Ancestor, Ancestor Identity,
Transference


You were on level 10 of the Dungeon.
You worshipped Hepliaklqana.
Hepliaklqana was most pleased with you.
You visited 2 branches of the dungeon, and saw 11 of its levels.
You also visited: Ossuary and Bailey.

You collected 756 gold pieces.
You spent 110 gold pieces at shops.

Inventory:

Hand Weapons
 a - a +1 shortbow (weapon)
 w - a +0 great sword
 x - a +0 long sword of freezing
 H - a +3 trident of flaming
Armour
 c - a +0 buckler of poison resistance (worn)
 l - a +1 pair of gloves (worn)
 y - a +0 pair of boots (worn)
 z - the +2 ring mail "Vautoocwuq" (worn) {rN++ Str+5 Stlth-}
   (You found it on level 4 of the Dungeon)

   Str+5:     It affects your strength (+5).
   rN++:      It greatly protects you from negative energy.
   Stlth-:    It makes you less stealthy.
 B - a +2 leather armour of fire resistance
 E - a +0 scale mail of poison resistance
Jewellery
 h - an amulet of guardian spirit
 k - a ring of protection from fire (left hand)
 v - a ring of protection from cold (right hand)
 C - an amulet of reflection (around neck)
 F - a +5 ring of evasion
Wands
 g - a wand of flame (19)
 j - a wand of charming (17)
 u - a wand of mindburst (19)
 D - a wand of roots (9)
 G - a wand of polymorph (7)
Scrolls
 b - a scroll of butterflies
 f - 3 scrolls of fog
 i - 2 scrolls of immolation
 t - 7 scrolls of amnesia
Potions
 d - 2 potions of heal wounds
 e - a potion of mutation {unknown}
 m - 3 potions of brilliance
 n - 3 potions of curing
 o - a potion of invisibility {unknown}
 p - 3 potions of cancellation {unknown}
 q - 3 potions of lignification {unknown}
 r - 3 potions of ambrosia {unknown}
 s - 2 potions of magic {unknown}
 A - 4 potions of might


   Skills:
 * Level 8.7 Fighting
 + Level 15.3 Ranged Weapons
 * Level 5.3 Armour
 + Level 3.1 Dodging
 + Level 3.0 Stealth
 * Level 4.5 Shields


You had 11 spell levels left.
You didn't know any spells.
Your spell library contained the following spells:

 Spells                   Type           Power      Damage    Failure   Level
 Apportation              Tloc           0%         N/A       63%         1
 Call Imp                 Summ           0%         N/A       77%         2
 Jinxbite                 Hex            0%         N/A       77%         2
 Sublimation of Blood     Necr           0%         N/A       77%         2
 Dazzling Flash           Conj/Hex       0%         N/A       94%         3
 Gell's Gravitas          Tloc           0%         N/A       94%         3
 Summon Ice Beast         Ice/Summ       0%         N/A       94%         3
 Teleport Other           Tloc           0%         N/A       94%         3
 Volatile Blastmotes      Fire/Tloc      0%         2d10      94%         3
 Brom's Barrelling Bould  Conj/Erth      0%         2d3       100%        4
 Leda's Liquefaction      Alch/Erth      0%         N/A       100%        4
 Alistair's Intoxication  Alch           0%         N/A       100%        5
 Freezing Cloud           Conj/Ice/Air   0%         6-21      100%        5
 Lee's Rapid Deconstruct  Erth           0%         3d4*      100%        5
 Summon Mana Viper        Hex/Summ       0%         N/A       100%        5
 Bombard                  Conj/Erth      0%         9d1       100%        6
 Dispersal                Tloc           0%         N/A       100%        6
 Starburst                Conj/Fire      0%         6d3       100%        6
 Monstrous Menagerie      Summ           0%         N/A       100%        7
 Summon Hydra             Summ           0%         N/A       100%        7
 Maxwell's Capacitive Co  Air            0%         ∞         100%        8
 Fire Storm               Conj/Fire      0%         5d1       100%        9


Dungeon Overview and Level Annotations

Branches:
Dungeon (10/15)            Temple (1/1) D:4            Lair (0/5) D:8
    Orc (0/2) D:10        Ossuary (visited)          Bailey (visited)

Altars:
Cheibriados
Dithmenos
Elyvilon
Fedhas
Gozag
Hepliaklqana
Kikubaaqudgha
Makhleb
Nemelex Xobeh
Okawaru
Qazlal
Ru
Sif Muna
Trog
Uskayaw
Vehumet
Wu Jian
Xom
Yredelemnul
Zin
The Shining One

Shops:
D:6 *   D:7 :   D:8 (


Innate Abilities, Weirdness & Mutations

Your life essence is reduced to manifest your ancestor. (-10% HP)
You cannot be hasted, slowed, berserked, paralysed or teleported.
You can dig through walls and to a lower floor.
You have a pair of large antennae on your head. (SInv)
Your four strong arms can wield two-handed weapons with a shield.


Message History

The arrow hits the queen bee but does no damage.
The queen bee is almost dead.
The killer bee closely misses you. You block the killer bee's attack.
The queen bee stings you. You block the killer bee's attack.
Fire: a) +1 shortbow
Press: ? - help, Shift-Dir - straight line, f/p - queen bee
Aim: a queen bee (almost dead, slow, lightly drained, 73% to hit)
You shoot an arrow.
The arrow hits the queen bee but does no damage.
The queen bee is almost dead.
The killer bee stings you!
* * * LOW HITPOINT WARNING * * *
The killer bee closely misses you.
Fire: a) +1 shortbow
Press: ? - help, Shift-Dir - straight line, f/p - queen bee
Aim: a queen bee (almost dead, slow, lightly drained, 73% to hit)
You shoot an arrow.
The arrow hits the queen bee but does no damage.
The queen bee is almost dead.
You block the killer bee's attack.
The killer bee stings you but does no damage.
The queen bee stings you.
* * * LOW HITPOINT WARNING * * *
Fire: a) +1 shortbow
Press: ? - help, Shift-Dir - straight line, f/p - queen bee
Aim: a queen bee (almost dead, slow, lightly drained, 73% to hit)
You shoot an arrow. The arrow barely misses the queen bee.
You block the killer bee's attack. x2; The killer bee stings you.
* * * LOW HITPOINT WARNING * * *
Fire: a) +1 shortbow
Press: ? - help, Shift-Dir - straight line, f/p - queen bee
Aim: a queen bee (almost dead, slow, lightly drained, 73% to hit)
You shoot an arrow.
The arrow hits the queen bee but does no damage.
The queen bee is almost dead.
The killer bee stings you!
* * * LOW HITPOINT WARNING * * *
The killer bee stings you.
You die...
Hepliaklqana delivers you to your ancestors.

#............)
#P..... {
#.............
#...P.[
#.............
#P..P..
#.............
#P..P..,
#.............
#P....y
#............. .....y
#.............
#'†#####.............
#.†y@................
####y................
##................
##...............
##..............
##.............
##............
##...........
##..........


You could see a queen bee (slow, drained) and a killer bee (berserk).

Vanquished Creatures
  A vault guard (Bailey)
  A two-headed ogre (D:9)
  A komodo dragon (D:10)
  Grinder (D:6)
  A hornet (D:8)
  Prince Ribbit (Bailey)
  7 yaks
  A human (Bailey)
  2 steam dragons
  4 vampire mosquitoes (D:8)
  An acid dragon (D:9)
  An orc warrior (D:10)
  2 sky beasts
  An ogre (D:6)
  3 centaurs
  4 phantoms
  A gnoll sergeant (D:10)
  10 bullfrogs
  An elf zombie (Ossuary)
  4 scorpions
  8 killer bees
  A hexer (D:10)
  A centaur zombie (Ossuary)
  2 bombardier beetles
  4 hounds
  2 human zombies (Ossuary)
  9 orc priests
  3 jellies
  11 orc wizards
  A sleepcap (D:6)
  2 iguanas
  6 hound zombies (Ossuary)
  2 mummies (Ossuary)
  4 gnolls (D:10)
  15 adders
  3 shadow imps
  2 white imps (D:6)
  5 adder zombies (Ossuary)
  4 dart slugs
  2 ribbon worms (D:4)
  36 orcs
  8 ball pythons
  12 bats
  5 endoplasms
  5 giant cockroaches
  10 gnoll zombies (Ossuary)
  6 goblins
  10 hobgoblins
  2 jackals (D:3)
  3 quokkas
  3 frilled lizards
  4 jackal zombies (Ossuary)
  11 kobolds
  3 kobold zombies (Ossuary)
  5 orc zombies (Ossuary)
  5 rats
263 creatures vanquished.

Vanquished Creatures (collateral kills)
  A vault guard (Bailey)
  A manticore (D:8)
  3 yaks
  5 humans (Bailey)
  A steam dragon (D:9)
  A water moccasin (D:8)
  3 orc warriors (D:10)
  A kobold brigand (D:10)
  4 bullfrogs (Bailey)
  4 killer bees
  2 orc priests
  An iguana (D:7)
  2 orc wizards (D:10)
  A gnoll (Bailey)
  2 adders (D:6)
  6 orcs
  3 goblins (D:8)
  A hobgoblin (Bailey)
  A kobold (D:10)
43 creatures vanquished.

Vanquished Creatures (others)
  4 hexers
  An ancestor (D:6)
5 creatures vanquished.

Grand Total: 311 creatures vanquished

Notes
Turn   | Place    | Note
-------+----------+-------------------------------------------
     0 | D:1      | AlmostDecent the Formicid Hunter began the quest for the
                  | Orb.
     0 | D:1      | Reached XP level 1. HP: 16/16 MP: 1/1
   157 | D:1      | Reached XP level 2. HP: 16/22 MP: 2/2
   391 | D:1      | Reached XP level 3. HP: 27/27 MP: 3/3
   492 | D:1      | Reached skill level 5 in Ranged Weapons
  1056 | D:2      | Reached XP level 4. HP: 34/34 MP: 4/4
  1338 | D:2      | Found a sacrificial altar of Ru.
  1865 | D:3      | Found a shimmering altar of Xom.
  2100 | D:3      | Reached XP level 5. HP: 38/39 MP: 5/5
  2208 | D:3      | Reached skill level 6 in Ranged Weapons
  2450 | D:4      | Found a burning altar of Makhleb.
  2553 | D:4      | Reached XP level 6. HP: 37/47 MP: 6/6
  2655 | D:4      | Reached skill level 7 in Ranged Weapons
  2662 | D:4      | Reached XP level 7. HP: 46/52 MP: 5/7
  2776 | D:4      | Found a basalt altar of Yredelemnul.
  2839 | D:4      | Found a staircase to the Ecumenical Temple.
  2850 | Temple   | Entered the Ecumenical Temple
  2862 | Temple   | Became a worshipper of Hepliaklqana the Forgotten
  2978 | D:4      | Reached skill level 1 in Armour
  3025 | D:4      | Found a radiant altar of Vehumet.
  3065 | D:4      | Found a blossoming altar of Fedhas.
  3145 | D:4      | Identified the +2 ring mail "Vautoocwuq" {rN++ Str+5
                  | Stlth-}
  3482 | D:5      | Entered Level 5 of the Dungeon
  3488 | D:5      | Reached skill level 8 in Ranged Weapons
  3685 | D:5      | Reached XP level 8. HP: 58/58 MP: 6/8
  3714 | D:5      | Reached skill level 9 in Ranged Weapons
  3873 | D:5      | Noticed a water elemental
  3875 | D:5      | Found a stormy altar of Qazlal.
  3879 | D:5      | Found a sand-covered staircase.
  3887 | Ossuary  | Entered an ossuary
  4392 | D:5      | Noticed a fire elemental
  4396 | D:5      | Noticed an air elemental
  4716 | D:6      | Noticed Grinder
  4734 | D:6      | Killed Grinder
  4735 | D:6      | Reached skill level 10 in Ranged Weapons
  4735 | D:6      | Reached XP level 9. HP: 59/66 MP: 7/9
  4997 | D:6      | Found a glowing golden altar of the Shining One.
  5186 | D:6      | Reached * piety under Hepliaklqana
  5257 | D:6      | Found Wecees's Serpentskin Sales.
  5294 | D:6      | Bought a +0 buckler of poison resistance for 110 gold
                  | pieces
  5754 | D:6      | Reached skill level 11 in Ranged Weapons
  5987 | D:7      | Found Odaiclix's Book Emporium.
  6332 | D:7      | Reached ** piety under Hepliaklqana
  6334 | D:7      | Remembered your ancestor Weivey as a hexer
  6395 | D:7      | Reached skill level 5 in Fighting
  6406 | D:7      | Reached skill level 12 in Ranged Weapons
  6406 | D:7      | Reached XP level 10. HP: 66/66 MP: 10/10
  7050 | D:8      | Reached skill level 1 in Shields
  7136 | D:8      | Found a flagged portal.
  7151 | Bailey   | Entered a bailey
  7285 | Bailey   | Reached skill level 13 in Ranged Weapons
  7379 | Bailey   | Noticed a vault guard
  7397 | Bailey   | Killed a vault guard
  7423 | Bailey   | Noticed a vault guard
  7423 | Bailey   | Noticed Prince Ribbit
  7443 | Bailey   | Killed Prince Ribbit
  7444 | Bailey   | Reached skill level 14 in Ranged Weapons
  7470 | Bailey   | Killed a vault guard
  7471 | Bailey   | Reached XP level 11. HP: 20/74 MP: 11/11
  7745 | D:8      | Found Ducid's Weapon Shop.
  7879 | D:8      | Noticed a manticore
  7892 | D:8      | Killed a manticore
  8017 | D:8      | Got Vehumet's Papyrus of Injury
  8041 | D:8      | Reached skill level 15 in Ranged Weapons
  8137 | D:8      | Found a white marble altar of Elyvilon.
  8263 | D:8      | Found a staircase to the Lair.
  8280 | D:8      | Found a glowing silver altar of Zin.
  8743 | D:9      | Found a bloodstained altar of Trog.
  8748 | D:9      | Found a shimmering blue altar of Sif Muna.
  8868 | D:9      | Reached *** piety under Hepliaklqana
  8962 | D:9      | Noticed a two-headed ogre
  8972 | D:9      | Killed a two-headed ogre
  9412 | D:10     | Entered Level 10 of the Dungeon
  9453 | D:10     | Reached skill level 5 in Armour
  9569 | D:10     | Found a staircase to the Orcish Mines.
  9709 | D:10     | Reached XP level 12. HP: 82/84 MP: 12/12
  9890 | D:10     | HP: 4/84 [killer bee (13)]
  9890 | D:10     | Slain by a killer bee

Illustrated notes

Levels and vault maps discovered:
D:1:      dpeg_cavernosity, layout_basic, minivault_19, minmay_tetromino_i4
D:2:      layout_loops_ring, basic_altar, solitary_fountain
D:3:      layout_loops_ring, mainiacjoe_overflow_chevrons, roderic_batcave
D:4:      minmay_opposing_rooms, layout_loops_ring,
          mainiacjoe_overflow_two_lobes, mainiacjoe_overflow_brackets,
          old_standard_altar
D:5:      layout_rooms, nicolae_qazlal_style_of_elements,
          nicolae_ossuary_entry_plus, serial_bayou_lake_a
D:6:      layout_loops_corners, nicolae_tso_carved_into_rock,
          guppyfry_shop_venom, uniq_grinder
D:7:      layout_basic, serial_shops, kennysheep_little_box, sigmund_army
D:8:      layout_rooms, old_standard_altar, mainiacjoe_overflow_alcove_2,
          lair_entry_dummy, serial_shops, nicolae_shop_bloodbath_and_beyond,
          enter_bailey_4, kennysheep_just_a_vault
D:9:      layout_basic, hellmonk_overflow_destroyed_library
D:10:     layout_big_octagon, cheibrodos_ashenzari_chains, erik_orc_4,
          nicolae_looking_at_the_future
Temple:   hellmonk_temple_rainy

Skill      XL: |  1  2  3  4  5  6  7  8  9 10 11 12 |
---------------+-------------------------------------+-----
Ranged Weapons | 5 6 7 8 10 12 14 15 | 15.3
Fighting       | 3 4 5 6 8 |  8.7
Armour         | 1 2 3 5 |  5.3
Dodging        | 2 3 |  3.1
Stealth        | 2 3 |  3.0
Shields        | 2 4 |  4.5

Action                     |  1- 3 |  4- 6 |  7- 9 | 10-12 || total
---------------------------+-------+-------+-------+-------++-------
   Fire: Shortbow          |    81 |   161 |   556 |   585 ||  1383
 Invoke: Ancestor Life: He |       |       |     1 |       ||     1
Ability: Dig               |       |     5 |       |       ||     5
    Use: Scroll            |       |       |    11 |     4 ||    15
         Potion            |       |       |     4 |     4 ||     8
 Armour: Leather armour    |    27 |    37 |    19 |       ||    83
         Ring mail         |       |       |   397 |   152 ||   549
  Dodge: Dodged            |    33 |    49 |   385 |   105 ||   572
  Block: Buckler           |       |       |     7 |   142 ||   149
         Reflection        |       |       |       |    11 ||    11

Table legend: (Time is in decaauts)
 A = Elapsed time spent in this place.
 B = Non-inter-level travel time spent in this place.
 C = Inter-level travel time spent in this place.
 D = Time resting spent in this place.
 E = Time spent auto-exploring this place.
 F = Levels seen in this place.
 G = Mean time per level.
                   A        B        C        D        E       F      G
               +--------+--------+--------+--------+--------+-----+--------+
         Total |   9859 |   9496 |    363 |    100 |   7174 |  13 |  758.4 |
       Dungeon |   8824 |   8461 |    363 |      0 |   6848 |  10 |  882.4 |
        Temple |     26 |     26 |      0 |      0 |      0 |   1 |   26.0 |
       Ossuary |    461 |    461 |      0 |      0 |    141 |   1 |  461.0 |
        Bailey |    546 |    546 |      0 |    100 |    185 |   1 |  546.0 |
               +--------+--------+--------+--------+--------+-----+--------+

Top non-repeatable levels by time:
     D:6: 1180 daAuts
     D:7: 1136 daAuts
     D:9: 1042 daAuts
     D:4: 1016 daAuts
     D:3: 919 daAuts
     D:1: 848 daAuts
     D:5: 796 daAuts
     D:8: 737 daAuts
     D:2: 710 daAuts
  Bailey: 546 daAuts
 Ossuary: 461 daAuts
    D:10: 438 daAuts
  Temple: 26 daAuts
